 Dungeon Crawl Stone Soup version 0.29-a0-422-gafbd6decc1 (webtiles) character file.

Game seed: 15117732652704040996

31907 happo123 the Brawler (level 13, -17/123 HPs)
             Began as a Troll Berserker on May 18, 2022.
             Was a High Priest of Trog.
             Demolished by a death yak (25 damage)
             ... in an ice cave.
             The game lasted 00:51:27 (9710 turns).

happo123 the Brawler (Troll Berserker)              Turns: 9710, Time: 00:51:27

Health: -17/123    AC:  7    Str: 32    XL:     13   Next: 28%
Magic:  12/12      EV: 16    Int:  3    God:    Trog [*****.]
Gold:   865        SH:  0    Dex:  9    Spells: 12/12 levels left

rFire   . . .      SeeInvis .     - Unarmed
rCold   + . .      Faith    .   v - orb {light}
rNeg    . . .      Spirit   .   Q - +2 robe {rC+}
rPois   +          Reflect  .   (helmet restricted)
rElec   .          Harm     .   k - +0 cloak
rCorr   .          Rampage  .   (gloves unavailable)
Will    .....                   (boots unavailable)
Stlth   +.........              (no amulet)
HPRegen 1.10/turn               d - +4 ring of evasion
MPRegen 0.13/turn               E - ring of poison resistance

@: frozen, glowing, very slow
A: large, unfitting armour, claws 3, regeneration 1, shaggy fur 1, tough skin 1
a: Renounce Religion, Berserk, Trog's Hand, Brothers in Arms


You were in an ice cave.
You worshipped Trog.
Trog was extremely pleased with you.
You visited 2 branches of the dungeon, and saw 12 of its levels.
You also visited: Sewer and Ice Cave.

You collected 865 gold pieces.

Inventory:

Hand Weapons
 h - the +9 mace "Pagoelua" {freeze, +Blink rCorr Str-3 Int+3}
   (You found it on level 3 of the Dungeon)

   It freezes those it strikes, dealing additional cold damage.
   It can also slow down cold-blooded creatures.
   Str:       It affects your strength (-3).
   Int:       It affects your intelligence (+3).
   +Blink:    It lets you blink.
   rCorr:     It protects you from acid and corrosion.
 j - a +3 quarterstaff of chaos
 L - the +11 whip "Kerijaow" {flame, rElec Str+3 Int+4 Dex-4}
   (You found it on level 8 of the Dungeon)

   It burns those it strikes, dealing additional fire damage.
   Str:       It affects your strength (+3).
   Int:       It affects your intelligence (+4).
   Dex:       It affects your dexterity (-4).
   rElec:     It insulates you from electricity.
 U - a +2 hand axe of flaming
 V - a +4 broad axe
Missiles
 s - a throwing net (quivered)
Armour
 k - a +0 cloak (worn)
 v - an orb of light (worn)
 Q - a +2 robe of cold resistance (worn)
Jewellery
 c - a ring of protection from fire
 d - a +4 ring of evasion (left claw)
 E - a ring of poison resistance (right claw)
 I - a ring of magical power
 M - a ring of ice
 O - a +6 ring of dexterity
 R - a ring of see invisible
 T - a ring of resist corrosion
Wands
 B - a wand of flame (66)
 C - a wand of paralysis (10)
 F - a wand of polymorph (4)
 G - a wand of acid (8)
 H - a wand of iceblast (14)
 P - a wand of digging (13)
Scrolls
 b - 4 scrolls of identify
 f - a scroll of poison {unknown}
 l - a scroll of enchant weapon {unknown}
 o - 3 scrolls of blinking {unknown}
 u - 2 scrolls of vulnerability {unknown}
 x - a scroll of noise {unknown}
 y - 8 scrolls of teleportation
 z - a scroll of fog {unknown}
 A - 4 scrolls of amnesia
 S - a scroll of acquirement {unknown}
Potions
 e - 4 potions of flight
 g - 2 potions of mutation {unknown}
 i - 3 potions of degeneration
 m - 2 potions of brilliance {unknown}
 n - 2 potions of heal wounds
 p - 3 potions of resistance
 q - 4 potions of magic
 r - 4 potions of haste
 t - 5 potions of curing {unknown}
 w - a potion of invisibility {unknown}
 D - 2 potions of attraction {unknown}
 J - a potion of cancellation {unknown}
 K - a potion of lignification {unknown}
 N - 2 potions of might {unknown}


   Skills:
 + Level 6.7 Fighting
 + Level 9.9 Dodging
 + Level 2.3 Stealth
 + Level 18.0 Unarmed Combat
 + Level 0.2 Evocations


You had 12 spell levels left.
You didn't know any spells.
Your spell library was empty.

Dungeon Overview and Level Annotations

Branches:
Dungeon (9/15)             Temple (0/1) D:4            Lair (3/6) D:9
 Shoals (0/4) Lair:2        Sewer (visited)           IceCv (1/1)
  Snake: Lair:2-4    Spider: Lair:2-4       Orc: D:9-12

Altars:
Dithmenos
Hepliaklqana
Trog
Xom
Yredelemnul
Zin
Jiyva

Shops:
D:1 :*:=   D:5 :


Innate Abilities, Weirdness & Mutations

You are too large for most types of armour.
You have claws for hands.
Your natural rate of healing is unusually fast.
You are covered in fur. (AC +1)
You have tough skin. (AC +1)


Message History

The death yak gores you.
You mangle the death yak!!
The death yak is severely wounded.
You mangle the death yak!!
You kill the death yak!
Trog accepts your kill.
The ironbound frostheart calls freezing cold from the walls.
The frost grips you!! You partially resist.
You are encased in ice.
Your Unarmed Combat skill increases to level 18!
You mangle the death yak!!
The death yak is heavily wounded.
The death yak closely misses you.
You eviscerate the death yak!!!
The death yak is almost dead.
You scratch the death yak but do no damage.
The death yak is almost dead.
The death yak misses you.
You mangle the death yak!!
You kill the death yak!
Trog accepts your kill. The ice encasing you melts away.
The ironbound frostheart calls freezing cold from the walls.
The frost grips you!! You partially resist.
You are encased in ice.
The death yak gores you!
* * * LOW HITPOINT WARNING * * *
The death yak barely misses you.
The ironbound frostheart calls freezing cold from the walls.
The frost grips you!! You partially resist.
* * * LOW HITPOINT WARNING * * *
You see here a death yak corpse.
The death yak attacks as you move away! The death yak gores you!
* * * LOW HITPOINT WARNING * * *
You feel much better.
The ironbound frostheart calls freezing cold from the walls.
The frost grips you!! You partially resist.
* * * LOW HITPOINT WARNING * * *
The death yak gores you!!
You die... .php.

#≈≈≈≈≈≈ .....# ##≈≈≈≈≈### h.Y.#
#≈≈≈≈≈≈.## ...## ##≈≈≈≈#...
#.Y## ###. ###. #..# # ###.#
####.###≈≈≈##..## ###
###Yhph#≈≈≈≈≈≈##...
###.#####.@##.#≈≈≈≈≈≈≈≈#..#
###..#.##..#.#..≈≈≈≈≈≈≈≈≈###.
#..####..######.##≈≈≈≈≈≈≈# ##
###..# ####### ###≈≈≈≈≈≈≈#
##...## ###...####≈≈≈≈≈≈≈## #
#..⌠.[###...#....######≈≈≈#####
##...###..####.....##..##≈†##.#
##..†...## ##......######≈.#.
######## ######## #####


You could see a death yak, an ironbound frostheart, a polar bear and a wolf.

Vanquished Creatures
  A hydra (Lair:3)
  A two-headed ogre (D:9)
  8 death yaks
  The ghost of spaghetti the Spear-Bearer, a novice GnWn of Cheibriados (D:9)
  The ghost of bande the Thaumaturge, a novice GnWn (D:7)
  An ugly thing (IceCv)
  An ice statue (IceCv)
  A moth of wrath (D:7)
  2 rime drakes (Lair:2)
  4 cane toads
  3 komodo dragons
  The ghost of NateTC the Fighter, an amateur MiFi (D:3)
  7 polar bears
  Prince Ribbit (D:6)
  A slime creature (D:9)
  Grinder (D:5)
  A blink frog (Lair:1)
  Sigmund (D:4)
  55 yaks
  A wraith (D:9)
  A wyvern (D:9)
  Eustachio (D:6)
  A basilisk (Lair:2)
  2 steam dragons
  A death yak simulacrum (Lair:3)
  Edmund (D:4)
  Menkaure (D:6)
  10 water moccasins
  An ice beast (D:7)
  A sky beast (D:4)
  7 black bears
  7 orc warriors
  An ogre (D:7)
  16 wolves (IceCv)
  3 centaurs
  5 phantoms
  3 kobold brigands (Sewer)
  9 bullfrogs
  A gnoll sergeant (D:7)
  12 scorpions
  A cane toad simulacrum (Lair:3)
  A water moccasin zombie (D:6)
  7 killer bees
  An electric eel (Lair:2)
  2 howler monkeys
  10 hounds
  Crazy Yiuf (D:3)
  6 jellies
  4 orc priests
  An iguana (D:6)
  4 orc wizards
  Terence (D:2)
  A killer bee zombie (D:6)
  12 adders
  A gnoll (D:5)
  4 river rats (Sewer)
  2 shadow imps
  3 white imps (D:6)
  3 worms
  5 dart slugs
  21 orcs
  9 endoplasms
  5 giant cockroaches
  8 goblins
  12 hobgoblins
  9 jackals
  6 quokkas
  15 ball pythons
  8 bats
  5 frilled lizards
  17 kobolds
  30 rats
392 creatures vanquished.

Vanquished Creatures (collateral kills)
  Fannar (Lair:1)
  A slime creature (D:9)
  A komodo dragon (Lair:1)
  4 blink frogs (Lair:1)
  A basilisk (Lair:1)
  A bullfrog (Lair:1)
  2 killer bees (D:7)
  An orc wizard (D:7)
  An iguana (D:7)
  An orc (D:7)
14 creatures vanquished.

Vanquished Creatures (others)
  A ball python (D:1)
  5 fungi
  5 plants
11 creatures vanquished.

Grand Total: 417 creatures vanquished

Notes
Turn   | Place    | Note
-------+----------+-------------------------------------------
     0 | D:1      | happo123 the Troll Berserker began the quest for the Orb.
     0 | D:1      | Reached XP level 1. HP: 22/22 MP: 0/0
    67 | D:1      | Reached XP level 2. HP: 29/29 MP: 1/1
    93 | D:1      | Found a faded altar of an unknown god.
   151 | D:1      | Found Ceatocuecu's Book Emporium.
   242 | D:1      | Found Aselu's Book Shop.
   247 | D:1      | Found Rahubug's Assorted Antiques.
   294 | D:1      | Reached ** piety under Trog
   295 | D:1      | Reached XP level 3. HP: 36/36 MP: 2/2
   378 | D:1      | Found Socelic's Jewellery Shop.
   911 | D:2      | Reached XP level 4. HP: 45/45 MP: 3/3
   970 | D:2      | Noticed Terence
   979 | D:2      | Killed Terence
  1118 | D:2      | Reached skill level 4 in Unarmed Combat
  1141 | D:2      | Reached *** piety under Trog
  1656 | D:3      | Identified the +9 mace "Pagoelua" {freeze, +Blink rCorr
                  | Str-3 Int+3}
  1663 | D:3      | Found a runed translucent door.
  1664 | D:3      | Noticed Crazy Yiuf
  1669 | D:3      | Killed Crazy Yiuf
  1670 | D:3      | Reached XP level 5. HP: 53/53 MP: 4/4
  1891 | D:3      | Noticed NateTC's ghost (amateur MiFi)
  1982 | D:3      | Found a runed translucent gate.
  1983 | D:3      | Found a runed translucent gate.
  1984 | D:3      | Found a runed translucent gate.
  2034 | D:3      | Killed NateTC's ghost
  2035 | D:3      | Reached skill level 5 in Unarmed Combat
  2035 | D:3      | Reached XP level 6. HP: 38/61 MP: 5/5
  2107 | D:4      | Noticed Sigmund
  2118 | D:4      | Killed Sigmund
  2119 | D:4      | Reached skill level 6 in Unarmed Combat
  2119 | D:4      | Reached XP level 7. HP: 67/67 MP: 6/6
  2142 | D:4      | Found a glowing drain.
  2146 | Sewer    | Entered a sewer
  2364 | Sewer    | Reached **** piety under Trog
  2408 | Sewer    | Reached skill level 5 in Dodging
  2759 | D:4      | Found a staircase to the Ecumenical Temple.
  2823 | D:4      | Reached skill level 7 in Unarmed Combat
  2823 | D:4      | Reached XP level 8. HP: 67/75 MP: 7/7
  2837 | D:4      | Reached skill level 1 in Stealth
  2921 | D:4      | Found a shimmering altar of Xom.
  3015 | D:4      | Noticed Edmund
  3028 | D:4      | Killed Edmund
  3029 | D:4      | Reached skill level 8 in Unarmed Combat
  3057 | D:4      | Reached ***** piety under Trog
  3133 | D:5      | Entered Level 5 of the Dungeon
  3159 | D:5      | Found a glowing silver altar of Zin.
  3297 | D:5      | Reached skill level 9 in Unarmed Combat
  3301 | D:5      | Reached XP level 9. HP: 83/84 MP: 8/8
  3516 | D:5      | Noticed Grinder
  3524 | D:5      | Killed Grinder
  3845 | D:5      | Found Kykagg's Book Boutique.
  3881 | D:5      | Received a gift from Trog
  3979 | D:6      | Found a bloodstained altar of Trog.
  4030 | D:6      | Noticed Eustachio
  4037 | D:6      | Killed Eustachio
  4038 | D:6      | Reached skill level 10 in Unarmed Combat
  4094 | D:6      | Noticed Prince Ribbit
  4115 | D:6      | Killed Prince Ribbit
  4183 | D:6      | Noticed Menkaure
  4185 | D:6      | Killed Menkaure
  4241 | D:6      | Reached skill level 11 in Unarmed Combat
  4745 | D:6      | Found a basalt altar of Yredelemnul.
  5019 | D:7      | Reached XP level 10. HP: 83/92 MP: 9/9
  5036 | D:7      | Found a shadowy altar of Dithmenos.
  5158 | D:7      | HP: 2/93 [killer bee (3)]
  5214 | D:7      | Found a transporter.
  5296 | D:7      | Noticed a moth of wrath
  5299 | D:7      | Noticed bande's ghost (novice GnWn)
  5304 | D:7      | Found a bloodstained altar of Trog.
  5321 | D:7      | Found a transporter.
  5349 | D:7      | Reached skill level 12 in Unarmed Combat
  5500 | D:7      | Killed a moth of wrath
  5507 | D:7      | Killed bande's ghost
  5529 | D:7      | Reached skill level 5 in Fighting
  5843 | D:8      | Identified the +11 whip "Kerijaow" {flame, rElec Str+3
                  | Int+4 Dex-4}
  6245 | D:9      | Found a staircase to the Lair.
  6277 | D:9      | Reached skill level 13 in Unarmed Combat
  6396 | D:9      | Reached XP level 11. HP: 50/104 MP: 10/10
  6542 | D:9      | Noticed a two-headed ogre
  6545 | D:9      | Killed a two-headed ogre
  6866 | D:9      | Found a runed translucent gate.
  6866 | D:9      | Found a runed translucent gate.
  6866 | D:9      | Found a runed translucent gate.
  6867 | D:9      | Noticed spaghetti's ghost (novice GnWn)
  7178 | D:9      | Found a viscous altar of Jiyva.
  7194 | D:9      | Killed spaghetti's ghost
  7195 | D:9      | Reached skill level 14 in Unarmed Combat
  7317 | Lair:1   | Entered Level 1 of the Lair of Beasts
  7318 | Lair:1   | Noticed Fannar
  7328 | Lair:1   | Received a gift from Trog
  7330 | Lair:1   | Killed Fannar
  7477 | Lair:1   | Reached skill level 15 in Unarmed Combat
  7621 | Lair:1   | Reached XP level 12. HP: 40/114 MP: 11/11
  8065 | Lair:2   | Found a staircase to the Shoals.
  8089 | Lair:2   | Found a hazy altar of Hepliaklqana.
  8200 | Lair:2   | Noticed a death yak
  8200 | Lair:2   | Noticed a death yak
  8201 | Lair:2   | Noticed a death yak
  8201 | Lair:2   | Noticed a death yak
  8206 | Lair:2   | Noticed a death yak
  8209 | Lair:2   | Killed a death yak
  8212 | Lair:2   | Killed a death yak
  8219 | Lair:2   | Killed a death yak
  8224 | Lair:2   | Killed a death yak
  8227 | Lair:2   | Killed a death yak
  8228 | Lair:2   | Reached skill level 16 in Unarmed Combat
  8991 | Lair:3   | Noticed a four-headed hydra
  8998 | Lair:3   | Killed an eight-headed hydra
  9183 | Lair:3   | Found a frozen archway.
  9193 | Lair:3   | Reached skill level 17 in Unarmed Combat
  9202 | IceCv    | Entered an ice cave
  9381 | IceCv    | Identified the +4 flail "Uwiynluq" {antimagic, Str+3}
  9426 | IceCv    | Reached XP level 13. HP: 76/123 MP: 12/12
  9433 | IceCv    | Found the +2 Maxwell's thermic engine {flame, freeze}
  9615 | IceCv    | Received a gift from Trog
  9668 | IceCv    | Identified the +1 pair of boots "Ileolid" {+Inv rC+ Will++}
  9704 | IceCv    | Reached skill level 18 in Unarmed Combat
  9709 | IceCv    | HP: 3/123 [death yak (14)]
  9710 | IceCv    | Demolished by a death yak

Illustrated notes

Levels and vault maps discovered:
D:1:      nicolae_arrival_somewhat_less_tricky_arrival, layout_rooms,
          serial_shops, shop, shop, nicolae_shop_stone, shop,
          dreamdust_ecumenical_altar_hidden_monk_grotto
D:2:      layout_basic, glass_columns_a, uniq_terence
D:3:      layout_basic, serial_glass, glass_columns_b, glass_columns_c,
          gammafunk_ghost_split, uniq_crazy_yiuf_cottage
D:4:      layout_rooms, kennysheep_mini, minmay_temple_entry_sparse_star,
          gup_sewer_entry_bowl, minmay_manual_moon, uniq_sigmund, uniq_edmund
D:5:      minmay_recursive_quarters, layout_loops_ring,
          mainiacjoe_overflow_alcove_4, kennysheep_windowed_goal, uniq_grinder
D:6:      layout_basic, amcnicky_altar_gilded, lemuel_zombie_altar_yredelemnul,
          serial_curves, eino_curves_03, eino_curves_02, eino_curves_04,
          grunt_tough_drop, uniq_eustachio, uniq_menkaure, uniq_prince_ribbit1
D:7:      layout_rooms, nicolae_dithmenos_through_a_glass_darkly,
          gammafunk_ghost_wrathful_warriors
D:8:      layout_cave_pools
D:9:      layout_gridville, grunt_lair_entry_orc_guard_hut, gammafunk_ghost_ooze
Lair:1:   layout_cave_shapes, uniq_fannar
Lair:2:   layout_gridlike, elwin_shoals_entry_rocks, basic_altar
Lair:3:   layout_roguey, portal_ice_cave_entry_ice_simulacra
IceCv:    ice_cave_caverns_02

Skill      XL: |  1  2  3  4  5  6  7  8  9 10 11 12 13 |
---------------+----------------------------------------+-----
Dodging        | 3 4 5 6 7 8 9 |  9.9
Fighting       | 3 4 5 6 |  6.7
Unarmed Combat | 4 5 6 7 9 11 13 15 17 18 | 18.0
Stealth        | 1 2 |  2.3
Evocations     | |  0.2

Action                   |  1- 3 |  4- 6 |  7- 9 | 10-12 | 13-15 || total
-------------------------+-------+-------+-------+-------+-------++-------
Melee: Unarmed           |   116 |    73 |   347 |   413 |    88 ||  1037
       Punch             |     6 |     2 |     1 |       |       ||     9
Invok: Berserk           |       |     3 |     1 |     5 |       ||     9
       Trog's Hand       |       |     1 |       |     1 |       ||     2
       Brothers in Arms  |       |       |       |     3 |       ||     3
 Abil: Evoke Blink       |       |     1 |       |       |       ||     1
Evoke: Wand              |       |       |       |     1 |       ||     1
  Use: Scroll            |       |       |     6 |     2 |       ||     8
       Potion            |       |       |       |     3 |     1 ||     4
Armor: Animal skin       |    67 |    22 |    88 |    44 |       ||   221
       Robe              |       |       |       |    41 |     9 ||    50
Dodge: Dodged            |   123 |    67 |   306 |   396 |    29 ||   921

Table legend: (Time is in decaauts)
 A = Elapsed time spent in this place.
 B = Non-inter-level travel time spent in this place.
 C = Inter-level travel time spent in this place.
 D = Time resting spent in this place.
 E = Time spent auto-exploring this place.
 F = Levels seen in this place.
 G = Mean time per level.
                   A        B        C        D        E       F      G
               +--------+--------+--------+--------+--------+-----+--------+
         Total |   9609 |   8349 |   1260 |    258 |   5709 |  14 |  686.4 |
       Dungeon |   6859 |   6010 |    849 |    180 |   4541 |   9 |  762.1 |
          Lair |   1764 |   1353 |    411 |      0 |    941 |   3 |  588.0 |
         Sewer |    515 |    515 |      0 |      0 |    226 |   1 |  515.0 |
      Ice Cave |    471 |    471 |      0 |     78 |      0 |   1 |  471.0 |
               +--------+--------+--------+--------+--------+-----+--------+

Top non-repeatable levels by time:
     D:9: 1241 daAuts
     D:6: 1014 daAuts
  Lair:2: 899 daAuts
     D:5: 835 daAuts
     D:2: 828 daAuts
     D:1: 733 daAuts
     D:7: 650 daAuts
  Lair:1: 638 daAuts
     D:3: 536 daAuts
     D:4: 531 daAuts
   Sewer: 515 daAuts
     D:8: 488 daAuts
   IceCv: 471 daAuts
  Lair:3: 226 daAuts
